 Dungeon Crawl Stone Soup version 0.18-a0-116-g2d311b1 (webtiles) character file.

57 Proton the Skirmisher (level 4, -1/42 HPs)
             Began as a Naga Fighter on Nov 17, 2015.
             Killed by nerve-wracking pain
             ... invoked by Grinder
              (2 damage)
             ... on level 3 of the Dungeon.
             The game lasted 00:03:00 (1804 turns).

Proton the Skirmisher (Naga Fighter)                Turns: 1804, Time: 00:03:00

Health: -1/42      AC:  6    Str: 19    XL:     4   Next: 0%
Magic:  4/4        EV:  3    Int:  9    God:
Gold:   109        SH:  8    Dex: 10    Spells: 0 memorised, 3 levels left

rFire  . . .     SeeInvis +     a - +0 long sword
rCold  . . .     Clarity  .     f - +0 chain mail
rNeg   . . .     SustAt   .     c - +0 shield
rPois  +         Gourm    .     (no helmet)
rElec  .         Spirit   .     (no cloak)
rCorr  .         Warding  .     (no gloves)
rMut   .         Stasis   .     (no barding)
MR     .....                    (no amulet)
Stlth  ..........               (no ring)
                                (no ring)

@: short of breath, very slow, not resistant to hostile enchantments, extremely
unstealthy
A: see invisible, deformed body, poison resistance, slowness 2, slow metabolism
1, spit poison 2, AC +1
a: Spit Poison


You were on level 3 of the Dungeon.
You were not hungry.

You visited 1 branch of the dungeon, and saw 3 of its levels.

You collected 109 gold pieces.

Inventory:

Hand Weapons
 a - a +0 long sword (weapon)
Armour
 c - a +0 shield (worn)
 f - a +0 chain mail (worn)
Scrolls
 b - a scroll of blinking {unknown}
 i - a scroll of teleportation {unknown}
 j - a scroll of magic mapping {unknown}
 k - a scroll of enchant armour {unknown}
 m - 3 scrolls of identify {unknown}
 n - 3 scrolls of remove curse {unknown}
Potions
 d - a potion of might
 g - 2 potions of curing {unknown}
 l - 2 potions of haste {unknown}
Comestibles
 e - 2 bread rations
 h - a meat ration


   Skills:
 + Level 3.3 Fighting
 + Level 2.4 Long Blades
 + Level 2.7 Armour
 + Level 1.0 Dodging
 + Level 0.0 Stealth
 + Level 2.9 Shields


You had 3 spell levels left.
You didn't know any spells.

Dungeon Overview and Level Annotations

Branches:
Dungeon (3/15)

Altars:
Fedhas

Annotations:
D:3 Grinder


Innate Abilities, Weirdness & Mutations

You cannot wear boots.
Your serpentine skin is tough (AC +1).
You have supernaturally acute eyesight.
Armour fits poorly on your strangely shaped body.
Your system is resistant to poisons.
You cover ground very slowly.
You have a slow metabolism.
You can spit poison.


Message History

You have got your breath back.
Grinder gestures.
Grinder blinks!
Grinder gestures at you.
You suddenly lose the ability to move!
Grinder gestures.
Grinder blinks!
You can move again.
Unknown command.
Unknown command.
Press: ? - help, Shift-Dir - straight line, f/p - Grinder
Aim: Grinder (lightly wounded)
The splash of poison misses Grinder.
Your chain mail prevents you from hitting Grinder.
Grinder hits you!
* * * LOW HITPOINT WARNING * * *
Your shield and chain mail prevent you from hitting Grinder.
Grinder gestures at you. Pain shoots through your body!
You die...

#....#########
#.# .##..#####
#.# # #...##..
#.# ##..##.#
#.# #...#.#
#.# ##..#.#
#.##.# #..#.#
#.##.# #....#
#.##.# ##...#
#.##@# #...#
#.##5# ##..#
#.##.# #..#
#.##.#
##.####.##.#.#
#>5.........#
#.####.####.#
#.##.#.####.#
#.#.........#


You could see Grinder.

Vanquished Creatures
  An adder (D:2)
  An ooze (D:3)
  A worm (D:2)
  2 giant cockroaches (D:2)
  6 hobgoblins
  4 jackals (D:2)
  4 kobolds
  A quokka (D:3)
  5 bats
  2 giant geckos (D:1)
  5 giant newts
  2 goblins
  7 rats
41 creatures vanquished.

Notes
Turn   | Place    | Note
--------------------------------------------------------------
     0 | D:1      | Proton the Naga Fighter began the quest for the Orb.
     0 | D:1      | Reached XP level 1. HP: 21/21 MP: 1/1
   212 | D:1      | Reached XP level 2. HP: 26/28 MP: 2/2
   883 | D:2      | Reached XP level 3. HP: 15/34 MP: 3/3
  1437 | D:2      | Found a blossoming altar of Fedhas.
  1742 | D:3      | Reached skill level 1 in Dodging
  1758 | D:3      | Reached XP level 4. HP: 39/42 MP: 4/4
  1775 | D:3      | Noticed Grinder
  1775 | D:3      | Paralysed by Grinder for 3 turns
  1779 | D:3      | Paralysed by Grinder for 5 turns
  1796 | D:3      | Paralysed by Grinder for 5 turns
  1803 | D:3      | HP: 1/42 [Grinder (8)]
  1804 | D:3      | Killed from afar by Grinder

Vault maps used:
D:1:      matt_arrival_spirals, serial_corexii_hall, corexii_hall_statues_l,
          corexii_hall_statues_u
D:2:      first_bread, fedhas_altar_3
D:3:      serial_park_tiny_1, st_stairs_11, uniq_grinder

Action                   |  1- 3 |  4- 6 || total
-------------------------+-------+-------++-------
Melee: Long sword        |   133 |     7 ||   140
 Abil: Spit Poison       |     2 |     3 ||     5
  Eat: Meat ration       |     1 |       ||     1
       Pizza             |     1 |       ||     1
